 Dungeon Crawl Stone Soup version 0.31-a0-177-g4aa6249778 (webtiles) character file.

Game seed: 2893983762457776131

7544 pokeman the Thaumaturge (level 10, -18/56 (59) HPs)
             Began as a Deep Elf Hedge Wizard on June 18, 2023.
             Was a Follower of Vehumet.
             Engulfed by a cloud of freezing vapour (25 damage)
             ... on level 8 of the Dungeon.
             The game lasted 00:27:01 (10576 turns).

pokeman the Thaumaturge (Deep Elf Hedge Wizard)    Turns: 10576, Time: 00:27:02

HP:   -18/56 (59)   AC:  5    Str:  7    XL:     10   Next: 96%
MP:   12/30         EV: 27    Int: 28    God:    Vehumet [*.....]
Gold: 1431          SH:  0    Dex: 19    Spells: 23/37 levels left

rFire   + . .        C - +2 dagger (venom)
rCold   . . .        (no shield)
rNeg    + . .        w - +0 leather armour of Instinct {rN+ Int+4 Dex+5}
rPois   .            c - +0 hat
rElec   .            (no cloak)
rCorr   +            (no gloves)
SInv    .            e - +1 pair of boots
Will    +....        u - amulet of the acrobat
Stlth   ++           b - ring of resist corrosion
HPRegen 0.29/turn    y - ring of protection from fire
MPRegen 0.22/turn

%: acrobat
@: acrobatic, on blink cooldown, drained
A: no striking features
a: Renounce Religion


You were on level 8 of the Dungeon.
You worshipped Vehumet.
Vehumet was aware of your devotion.
You visited 2 branches of the dungeon, and saw 9 of its levels.
You also visited: Sewer and Bailey.

You collected 1431 gold pieces.

Inventory:

Hand Weapons
 C - a +2 dagger of venom (weapon)
 H - a -1 demon whip of venom
Missiles
 E - 14 curare-tipped darts
Armour
 c - a +0 hat (worn)
 e - a +1 pair of boots (worn)
 w - the +0 leather armour of Instinct (worn) {rN+ Int+4 Dex+5}
   (You found it on level 4 of the Dungeon)

   Int:       It affects your intelligence (+4).
   Dex:       It affects your dexterity (+5).
   rN:        It protects you from negative energy.
Jewellery
 b - a ring of resist corrosion (left hand)
 j - a ring of protection from fire
 u - an amulet of the acrobat (around neck)
 y - a ring of protection from fire (right hand)
Wands
 n - a wand of charming (9)
 v - a wand of roots (14)
 D - a wand of flame (26)
 F - a wand of digging (2)
Scrolls
 a - 6 scrolls of identify {unknown}
 f - 7 scrolls of teleportation {unknown}
 h - 2 scrolls of immolation {unknown}
 i - a scroll of acquirement {unknown}
 k - 3 scrolls of fog {unknown}
 l - 3 scrolls of enchant armour {unknown}
 m - 3 scrolls of poison {unknown}
 o - a scroll of fear {unknown}
 A - a scroll of revelation {unknown}
 B - a scroll of amnesia {unknown}
Potions
 d - 3 potions of magic
 g - a potion of invisibility {unknown}
 p - 3 potions of heal wounds {unknown}
 q - 2 potions of cancellation {unknown}
 r - 3 potions of mutation {unknown}
 s - a potion of might {unknown}
 t - a potion of haste {unknown}
 x - 2 potions of resistance {unknown}
 z - a potion of brilliance {unknown}
 G - 2 potions of ambrosia {unknown}


   Skills:
 - Level 5.0 Fighting
 + Level 3.2 Armour
 - Level 3.0 Dodging
 - Level 3.0 Stealth
 * Level 14.4 Spellcasting
 + Level 8.3 Conjurations
 - Level 1.1 Summonings
 - Level 1.1 Translocations
 + Level 7.6 Ice Magic
 - Level 1.1 Air Magic
 - Level 1.0 Poison Magic
 - Level 1.0 Evocations


You had 23 spell levels left.
You knew the following spells:

 Your Spells              Type           Power      Damage    Failure   Level
a - Magic Dart            Conj           100%       1d8       1%          1
b - Mephitic Cloud        Conj/Pois/Air  39%        N/A       2%          3
c - Call Imp              Summ           52%        N/A       3%          2
d - Blink                 Tloc           52%        N/A       3%          2
e - Foxfire               Conj/Fire      100%       2x1d9     1%          1
f - Freezing Cloud        Conj/Ice/Air   25%        6-21      10%         5

Your spell library contained the following spells:

 Spells                   Type           Power      Damage    Failure   Level
 Slow                     Hex            80%        N/A       3%          1
 Cigotuvi's Dreadful Rot  Necr/Pois/Air  48%        N/A       4%          2
 Ignite Poison            Fire/Tmut/Pois 22%        N/A       10%         3


Dungeon Overview and Level Annotations

Branches:
Dungeon (8/15)             Temple (1/1) D:7           Sewer (visited)
 Bailey (visited)
   Lair: D:8-11

Altars:
Ashenzari
Cheibriados
Dithmenos
Elyvilon
Gozag
Hepliaklqana
Kikubaaqudgha
Makhleb
Nemelex Xobeh
Okawaru
Ru
Sif Muna
Trog
Uskayaw
Vehumet
Wu Jian
Xom
Zin
The Shining One

Shops:
D:4 (

Annotations:
D:7 4 runed translucent doors


Message History

Casting: Foxfire (safe; 1% risk of failure)
Confirm with . or Enter, or press ? or * to list all spells.
You conjure some foxfire!
The wight barely misses you. The wight closely misses you.
The wight hits your foxfire with a +4 battleaxe!
Unknown command.
Casting: Foxfire (safe; 1% risk of failure)
Confirm with . or Enter, or press ? or * to list all spells.
Aiming: Magic Dart (safe; 1% risk of failure)
Press: ? - help, Shift-Dir - straight line, f/p - wight
Aim: a wight, wielding a +3 flail and wearing a +0 robe (severely damaged, 100% to hit)
The magic dart hits the wight.
You destroy the wight!
Vehumet accepts your kill.
The foxfire hits the wight.
The wight is severely damaged.
The foxfire hits the wight.
The wight is almost destroyed.
The wight hits you with a +4 battleaxe! You partially resist.
You feel drained.
Casting: Magic Dart (safe; 1% risk of failure)
Confirm with . or Enter, or press ? or * to list all spells.
You conjure some foxfire!
The wight hits you with a +4 battleaxe!
* * * LOW HITPOINT WARNING * * *
The wight closely misses your foxfire.
Unknown command.
Casting: Foxfire (safe; 1% risk of failure)
Confirm with . or Enter, or press ? or * to list all spells.
Okay, then.
Unknown command.
Your foxfire dissipates!
The wight attacks as you move away! The wight barely misses you.
The wight hits your foxfire with a +4 battleaxe!
The foxfire hits the wight.
The wight is almost destroyed.
You see here a killer bee corpse.
Unknown command.
Casting: Foxfire (safe; 1% risk of failure)
Confirm with . or Enter, or press ? or * to list all spells.
You blink.
You are engulfed in freezing vapours.
You die...

### ##### ### <). ...
..# #.# #.# #.# #.#
##.## #.#
#.###...#####@#
#...........#§#######
##
#..##...###..§○§§...
.# #..###.## ###.§§#
.###..# #.# #.).#
......# #z# #z..#
.####.# #5# #§#.# .#
##.###.# #.#.#
####...##.# #.#.#


You could see a wight.

Vanquished Creatures
  A two-headed ogre (D:7)
  Amaemon (D:8)
  An orange demon (D:8)
  A komodo dragon (D:7)
  Grinder (Sewer)
  A hornet (D:5)
  A wraith (D:7)
  A wyvern (D:7)
  4 water moccasins
  5 orc warriors
  3 black bears (D:5)
  2 sky beasts (D:7)
  2 ice beasts (D:6)
  2 ogres
  6 centaurs
  4 phantoms
  A bullfrog (D:7)
  13 kobold brigands
  5 scorpions
  2 wights (D:8)
  3 killer bees (D:8)
  2 howler monkeys
  A quasit (Sewer)
  3 hounds
  6 orc priests
  3 iguanas
  A sleepcap (D:5)
  7 orc wizards
  5 gnolls
  7 adders
  2 shadow imps
  3 white imps
  7 ufetubi
  A worm (D:2)
  A dart slug (D:2)
  23 orcs
  6 bats
  9 endoplasms
  4 giant cockroaches
  7 goblins
  4 hobgoblins
  3 jackals (D:1)
  50 kobolds
  6 quokkas
  12 ball pythons
  4 frilled lizards
  5 rats
242 creatures vanquished.

Vanquished Creatures (collateral kills)
  An ice beast (D:5)
  A scorpion (D:5)
  A sleepcap (D:5)
  A rat (D:4)
4 creatures vanquished.

Vanquished Creatures (others)
  A sky beast (D:7)
  An endoplasm (Sewer)
  A kobold zombie (Sewer)
  18 foxfires
21 creatures vanquished.

Grand Total: 267 creatures vanquished

Notes
Turn   | Place    | Note
-------+----------+-------------------------------------------
     0 | D:1      | pokeman the Deep Elf Hedge Wizard began the quest for the
                  | Orb.
     0 | D:1      | Reached XP level 1. HP: 10/10 MP: 7/7
   321 | D:1      | Reached XP level 2. HP: 16/16 MP: 6/9
   756 | D:1      | Reached skill level 5 in Spellcasting
   792 | D:1      | Found a faded altar of an unknown god.
   996 | D:1      | Reached XP level 3. HP: 20/20 MP: 6/11
  1000 | D:1      | Learned a level 3 spell: Mephitic Cloud
  1003 | D:1      | Learned a level 2 spell: Call Imp
  1006 | D:1      | Learned a level 2 spell: Blink
  1479 | D:2      | Reached skill level 1 in Fighting
  1479 | D:2      | Reached skill level 1 in Armour
  1637 | D:2      | Reached XP level 4. HP: 15/25 MP: 0/13
  2970 | D:3      | Reached skill level 6 in Spellcasting
  2979 | D:3      | Reached XP level 5. HP: 14/29 MP: 3/15
  3087 | D:3      | Learned a level 5 spell: Freezing Cloud
  3456 | D:4      | You fall into a shaft and drop 2 floors!
  3466 | D:5      | Entered Level 5 of the Dungeon
  3480 | D:4      | Found a glowing drain.
  3489 | D:4      | Reached skill level 1 in Evocations
  3587 | Sewer    | Entered a sewer
  3870 | Sewer    | Reached skill level 1 in Poison Magic
  3906 | Sewer    | Reached skill level 1 in Air Magic
  3906 | Sewer    | Reached XP level 6. HP: 10/34 MP: 4/17
  4015 | Sewer    | Noticed Grinder
  4084 | Sewer    | Paralysed by Grinder for 5 turns
  4187 | Sewer    | Killed Grinder
  4188 | Sewer    | Reached skill level 7 in Spellcasting
  4188 | Sewer    | Reached skill level 1 in Ice Magic
  4308 | Sewer    | Reached XP level 7. HP: 33/39 MP: 12/20
  4371 | Sewer    | Found a burning altar of Makhleb.
  4700 | D:4      | Identified the +0 leather armour of Instinct {rN+ Int+4
                  | Dex+5}
  4935 | D:4      | Found Daiman's Weapon Shop.
  4935 | D:4      | Noticed a +0 quick blade
  4936 | D:4      | Noticed a +0 quick blade
  5064 | D:4      | Reached skill level 8 in Spellcasting
  5599 | D:5      | Reached XP level 8. HP: 43/44 MP: 20/22
  5772 | D:5      | Reached skill level 9 in Spellcasting
  5909 | D:5      | Found a sacrificial altar of Ru.
  5909 | D:5      | Found an iron altar of Okawaru.
  6064 | D:5      | Reached skill level 5 in Conjurations
  6390 | D:5      | Reached skill level 10 in Spellcasting
  6821 | D:5      | Noticed a hornet
  6835 | D:5      | Killed a hornet
  6836 | D:5      | Reached XP level 9. HP: 26/49 MP: 23/25
  7026 | D:5      | Reached skill level 11 in Spellcasting
  7031 | D:5      | Reached skill level 5 in Ice Magic
  7995 | D:6      | Reached skill level 12 in Spellcasting
  8569 | D:7      | Found a large runed translucent door.
  8569 | D:7      | Found a large runed translucent door.
  8572 | D:7      | Noticed a gargoyle
  8605 | D:7      | Found a large runed translucent door.
  8605 | D:7      | Found a large runed translucent door.
  8992 | D:7      | Found a staircase to the Ecumenical Temple.
  8998 | Temple   | Entered the Ecumenical Temple
  9002 | Temple   | Became a worshipper of Vehumet
  9054 | D:7      | Reached XP level 10. HP: 35/56 MP: 19/28
  9346 | D:7      | Noticed a two-headed ogre
  9359 | D:7      | Killed a two-headed ogre
  9360 | D:7      | Reached skill level 13 in Spellcasting
  9860 | D:8      | Found a flagged portal.
  9861 | D:8      | Noticed Amaemon
  9861 | D:8      | Noticed an orange demon
  9868 | D:8      | Killed Amaemon
  9870 | D:8      | Killed an orange demon
  9871 | D:8      | Reached * piety under Vehumet
  9871 | D:8      | Offered knowledge of Foxfire by Vehumet.
  9912 | D:8      | Reached skill level 14 in Spellcasting
 10031 | Bailey   | Entered a bailey
 10151 | Bailey   | Learned a level 1 spell: Foxfire
 10186 | Bailey   | Reached skill level 5 in Fighting
 10311 | Bailey   | Found a burning altar of Makhleb.
 10576 | D:8      | Engulfed by a cloud of freezing vapour

Illustrated notes

Levels and vault maps discovered:
D:1:      lightli_arrival_statue_moat, layout_basic, basic_ecumenical_altar
D:2:      layout_basic
D:3:      layout_rooms, hangedman_decor_points
D:4:      layout_loops_ring, portal_sewer_entry_b, serial_shops,
          nicolae_shop_mannequins
D:5:      kennysheep_windowed_halls, layout_loops_ring,
          gammafunk_temple_overflow_elements
D:6:      layout_basic
D:7:      layout_basic, temple_green, minmay_hollow_rounded_squares
D:8:      layout_loops_ring, enter_bailey_6, uniq_amaemon
Temple:   sentei_temple_godly_chess

Skill      XL: |  1  2  3  4  5  6  7  8  9 10 |
---------------+-------------------------------+-----
Spellcasting   | 5 6 7 8 10 12 14 | 14.4
Fighting       | 1 2 3 5 |  5.0
Armour         | 1 2 3 |  3.2
Conjurations   | 2 3 4 5 7 8 |  8.3
Stealth        | 3 |  3.0
Dodging        | 3 |  3.0
Evocations     | 1 |  1.0
Poison Magic   | 1 |  1.0
Air Magic      | 1 |  1.1
Ice Magic      | 1 3 4 6 7 |  7.6
Summonings     | |  1.1
Translocations | |  1.1

Action                     |  1- 3 |  4- 6 |  7- 9 | 10-12 || total
---------------------------+-------+-------+-------+-------++-------
  Melee: Dagger            |    18 |    41 |   142 |    72 ||   273
         Punch             |       |     1 |     2 |     2 ||     5
   Cast: Magic Dart        |    87 |   157 |   218 |    57 ||   519
         Mephitic Cloud    |     1 |     4 |    29 |    19 ||    53
         Call Imp          |     1 |     3 |     9 |     1 ||    14
         Blink             |       |     1 |     6 |     2 ||     9
         Foxfire           |       |       |       |    10 ||    10
         Freezing Cloud    |       |       |       |     9 ||     9
  Evoke: Wand              |       |       |     1 |       ||     1
   Stab: Confused          |       |     4 |    23 |    11 ||    38
         Sleeping          |       |       |       |     1 ||     1
 Armour: Robe              |     4 |    23 |       |       ||    27
         Leather armour    |       |       |    38 |     7 ||    45
  Dodge: Dodged            |    18 |    45 |   144 |    67 ||   274

Table legend: (Time is in decaauts)
 A = Elapsed time spent in this place.
 B = Non-inter-level travel time spent in this place.
 C = Inter-level travel time spent in this place.
 D = Time resting spent in this place.
 E = Time spent auto-exploring this place.
 F = Levels seen in this place.
 G = Mean time per level.
                   A        B        C        D        E       F      G
               +--------+--------+--------+--------+--------+-----+--------+
         Total |  10594 |  10364 |    230 |    611 |   7679 |  11 |  963.1 |
       Dungeon |   9288 |   9061 |    227 |    519 |   6943 |   8 | 1161.0 |
        Temple |      8 |      5 |      3 |      0 |      0 |   1 |    8.0 |
         Sewer |    958 |    958 |      0 |     50 |    637 |   1 |  958.0 |
        Bailey |    339 |    339 |      0 |     42 |     98 |   1 |  339.0 |
               +--------+--------+--------+--------+--------+-----+--------+

Top non-repeatable levels by time:
     D:5: 1921 daAuts
     D:2: 1377 daAuts
     D:1: 1315 daAuts
     D:7: 1261 daAuts
     D:6: 1199 daAuts
   Sewer: 958 daAuts
     D:4: 952 daAuts
     D:3: 741 daAuts
     D:8: 520 daAuts
  Bailey: 339 daAuts
  Temple: 8 daAuts
